 Dungeon Crawl Stone Soup version 0.30.0-20-g3615ddf2f0 (webtiles) character file.

Game seed: 5675472438147576834

40 qw the Chopper (level 3, 0/23 HPs)
             Began as a Gargoyle Fighter on May 27, 2023.
             Slain by Natasha (6 damage)
             ... on level 2 of the Dungeon.
             The game lasted 00:00:38 (1004 turns).

qw the Chopper (Gargoyle Fighter)                   Turns: 1004, Time: 00:00:39

Health: 0/23       AC: 10    Str: 21    XL:     3   Next: 50%
Magic:  3/3        EV: 14    Int:  8    God:
Gold:   49         SH:  4    Dex:  9    Spells: 2/2 levels left

rFire   . . .        Y - +0 war axe
rCold   . . .        c - +0 buckler
rNeg    + . .        b - +0 scale mail
rPois   inf          (no helmet)
rElec   +            (no cloak)
rCorr   .            (no gloves)
SInv    .            (no boots)
Will    .....        (no amulet) Stlth
                     i - +5 ring of evasion
HPRegen 0.23/turn    (no ring)
MPRegen 0.08/turn

%: no passive effects
@: slowed, very slow
A: sickness immunity, AC +3, negative energy resistance 1, electricity
resistance, torment resistance 1, petrification resistance
a: no special abilities


You were on level 2 of the Dungeon.
You visited 1 branch of the dungeon, and saw 2 of its levels.

You collected 49 gold pieces.


Innate Abilities, Weirdness & Mutations

You are immune to sickness and miasma.
Your stone body is resilient. (AC +3)
You are immune to poison.
You resist negative energy. (rN+)
You are resistant to electric shocks. (rElec)
You are resistant to unholy torment.
You are immune to petrification.


   Skills:
 - Level 3.2 Fighting
 + Level 3.4 Axes
 - Level 3.2 Armour
 - Level 3.2 Shields


You had 2 spell levels left.
You didn't know any spells.
Your spell library was empty.

Inventory:

Hand Weapons
 e - a +0 whip
 Y - a +0 war axe (weapon)
Armour
 b - a +0 scale mail (worn)
 c - a +0 buckler (worn)
Jewellery
 i - a +5 ring of evasion (left hand)
Scrolls
 g - a scroll of identify
 h - a scroll of teleportation {unknown}
Potions
 a - a potion of curing {unknown}
 d - a potion of might
 f - a potion of degeneration {unknown}

Dungeon Overview and Level Annotations

Branches:
Dungeon (2/15)

Altars:

Shops:
D:1 [

Annotations:
D:2 Natasha


Message History

The hobgoblin hits you.
The hobgoblin hits you but does no damage.
You closely miss the hobgoblin.
The hobgoblin is heavily wounded.
The hobgoblin completely misses you.
You hit the hobgoblin.
You kill the hobgoblin!
You start resting.
HP restored.
Things that are here:
a +0 short sword; a kobold corpse You now have 49 gold pieces (gained 18).
Found a stone staircase leading down.
Enter note:
Found 4 stones.
Enter note: Natasha and a worm come into view.
Enter note:
Enter note: You completely miss Natasha.
Natasha wildly gestures.
Natasha's front paws start to glow.
Natasha barely misses you.
You miss Natasha. Natasha claws you. You block Natasha's attack.
You miss Natasha. Natasha closely misses you.
You slash Natasha!
Natasha is severely wounded.
Natasha claws you!
You miss Natasha.
Natasha is severely wounded.
You hit the worm.
Natasha stares at you and mumbles some strange words.
You feel yourself slow down. Natasha claws you.
You barely miss Natasha.
Natasha is severely wounded.
You barely miss the worm. The worm barely misses you. Natasha claws you. x2
You die...

#.# #.#.. .. #.#.. ..
#.#.##. #.#... #.#..# ###
#h#..#
.....#@#..###########
......w(............>#
#####.#.#.##########.###
#.#.#............... #
#.###########...##
#.#....#....#...#
#.#.##....#.#...#
#########.#.####....#...#
#.........#.........#...##


You could see a worm and Natasha.

Vanquished Creatures
  A worm (D:2)
  A dart slug (D:1)
  3 endoplasms (D:1)
  A giant cockroach (D:1)
  5 goblins
  3 hobgoblins
  3 jackals (D:2)
  A quokka (D:1)
  5 ball pythons
  A bat (D:1)
  5 kobolds
  5 rats (D:1)
34 creatures vanquished.

Notes
Turn   | Place    | Note
-------+----------+-------------------------------------------
     0 | D:1      | qw the Gargoyle Fighter began the quest for the Orb.
     0 | D:1      | Reached XP level 1. HP: 14/14 MP: 1/1
     0 | D:1      | 0 ||| qw: Version: 0.2-a-99-gce666ed
     0 | D:1      | 0 ||| qw: Game counter: 142
     0 | D:1      | 0 ||| qw: Always use a shield: true
     0 | D:1      | 0 ||| qw: God list: Okawaru
     0 | D:1      | 0 ||| qw: Allow faded altars: false
     0 | D:1      | 0 ||| qw: Do Orc after D:15 true
     0 | D:1      | 0 ||| qw: Do second Lair branch before Depths: true
     0 | D:1      | 0 ||| qw: Lair rune preference: random
     0 | D:1      | 0 ||| qw: Plans: Normal, Zot:1-4, God:TSO, Crypt, Tomb,
                  | Pan, Slime:5, Hells, Abyss, Win
     0 | D:1      | 0 ||| PLANNING D:1-11
    87 | D:1      | Reached XP level 2. HP: 18/19 MP: 2/2
   346 | D:1      | Found Niojump's Armour Emporium.
   352 | D:1      | 352 ||| SHOPLISTING +0 cloak (63 gold, have 2).
   352 | D:1      | 352 ||| SHOPLISTING +0 pair of boots (63 gold, have 2).
   352 | D:1      | 352 ||| SHOPLISTING +4 scale mail of fire resistance (434
                  | gold, have 2).
   476 | D:1      | Reached skill level 3 in Axes
   506 | D:1      | Reached XP level 3. HP: 23/23 MP: 3/3
   642 | D:1      | 642 ||| UPGRADING to +5 ring of evasion.
   643 | D:1      | 643 ||| READING scroll labelled OMEOME QEEVO.
   644 | D:1      | 644 ||| READING scroll labelled LAOROS APNUA.
   745 | D:1      | 745 ||| DRINKING 2 murky coppery potions.
   753 | D:1      | 753 ||| DROPPING potion of ambrosia.
   776 | D:2      | 776 ||| Stepping ~*~*~tactically~*~*~ (hiding).
   777 | D:2      | 777 ||| Stepping ~*~*~tactically~*~*~ (hiding).
   779 | D:2      | 779 ||| Stepping ~*~*~tactically~*~*~ (hiding).
   997 | D:2      | Noticed Natasha
  1004 | D:2      | Slain by Natasha

Levels and vault maps discovered:
D:1:      ldierk_walled_garden, layout_basic, serial_shops, shop
D:2:      layout_basic, basic_altar, uniq_natasha

Skill      XL: |  1  2 |
---------------+-------+-----
Axes           | 2 3 |  3.4
Fighting       | |  3.2
Armour         | |  3.2
Shields        | |  3.2

Action                     || total
---------------------------++-------
  Melee: War axe           ||    91
    Use: Scroll            ||     2
         Potion            ||     1
 Armour: Scale mail        ||    35
  Dodge: Dodged            ||    53
  Block: Buckler           ||    16

Table legend:
 A = Non-vault XP
 B = Vault XP
 C = Vault XP percentage of total XP
 D = Non-vault monster count
 E = Vault monster count
 F = Vault count percentage of total count
                 A         B        C        D         E       F
            +---------+---------+-------+---------+---------+-------
      Total |      58 |       0 |   0.0 |      34 |       0 |   0.0
            +---------+---------+-------+---------+---------+-------
        D:1 |      37 |       0 |   0.0 |      22 |       0 |   0.0
        D:2 |      21 |       0 |   0.0 |      12 |       0 |   0.0
            +---------+---------+-------+---------+---------+-------
